 Dungeon Crawl Stone Soup version 0.19.5 (webtiles) character file.

326664 tognito the Slayer (level 21, -70/236 HPs)
             Began as a Minotaur Berserker on Apr 5, 2017.
             Was the Champion of Trog.
             Killed from afar by a lich (71 damage)
             ... with a crystal spear
             ... on level 5 of the Vaults on Apr 6, 2017.
             The game lasted 02:32:11 (50099 turns).

tognito the Slayer (Minotaur Berserker)            Turns: 50099, Time: 02:32:13

Health: -70/236    AC: 10    Str: 41    XL:     21   Next: 9%
Magic:  22/22      EV: 14    Int:  6    God:    Trog [******]
Gold:   4844       SH:  3    Dex: 10    Spells: 0 memorised, 20 levels left

rFire  . . .     SeeInvis .     a - +9 executioner's axe (elec)
rCold  . . .     Gourm    .     Z - +3 plate armour
rNeg   + . .     Faith    .     (shield currently unavailable)
rPois  .         Spirit   .     L - +2 hat
rElec  .         Reflect  +     V - +0 cloak {MR+}
rCorr  .         Harm     .     i - +1 pair of gloves {Str+3}
MR     +++++                    Q - +1 pair of boots
Stlth  ..........               x - +3 amulet of reflection
                                C - ring "Ymnudeqof" {+Blink rN+ MR+ Str+2 Int+2}
                                M - +4 ring of strength

@: corroded, regenerating, constricted, drained
A: retaliatory headbutt, horns 2, high mp 1, robust 1
a: Berserk, Trog's Hand, Brothers in Arms, Burn Spellbooks, Renounce Religion,
Evoke Blink
}: 1/15 runes: serpentine


You were on level 5 of the Vaults.
You worshipped Trog.
Trog was exalted by your worship.
You were very hungry.

You visited 5 branches of the dungeon, and saw 32 of its levels.
You also visited: Sewer.

You collected 4844 gold pieces.

Inventory:

Hand Weapons
 a - a +9 executioner's axe of electrocution (weapon)
 b - a +3 triple crossbow of freezing
 k - a +7 antimagic battleaxe
 Y - the +1 executioner's axe "Xiji" {flame, rPois Dex+5}
   (Trog gifted it to you on level 4 of the Vaults)

   It has been specially enchanted to burn those struck by it, causing extra
   injury to most foes and up to half again as much damage against particularly
   susceptible opponents.
   Big, fiery blades are also staple armaments of hydra-hunters.
   It affects your dexterity (+5).
   It protects you from poison.
Missiles
 w - 1759 bolts
Armour
 i - a +1 pair of gloves of strength (worn)
 L - a +2 hat (worn)
 Q - a +1 pair of boots (worn)
 V - a +0 cloak of magic resistance (worn)
 Z - a +3 plate armour (worn)
Jewellery
 n - a +3 ring of dexterity
 o - a +4 ring of intelligence
 x - a +3 amulet of reflection (around neck)
 C - the ring "Ymnudeqof" (right hand) {+Blink rN+ MR+ Str+2 Int+2}
   (You acquired it on level 1 of the Snake Pit)

   [ring of positive energy]

   It affects your strength (+2).
   It affects your intelligence (+2).
   It protects you from negative energy.
   It affects your resistance to hostile enchantments.
   It lets you blink.
 D - an uncursed ring of stealth
 H - an uncursed ring of see invisible
 M - a +4 ring of strength (left hand)
 S - a +4 ring of dexterity
 T - an uncursed ring of flight
Wands
 A - a wand of digging (9/24)
 E - a wand of teleportation (5/9)
 U - a wand of teleportation (4/9)
 X - a wand of digging (5/24)
Scrolls
 d - 12 scrolls of identify
 f - 5 scrolls of recharging
 g - 6 scrolls of fog
 m - 11 scrolls of remove curse
 p - 4 scrolls of enchant weapon
 r - 4 scrolls of magic mapping
 t - 10 scrolls of teleportation
 v - a scroll of fear
 y - 2 scrolls of blinking
 R - a scroll of silence
Potions
 e - 6 potions of brilliance
 j - 3 potions of invisibility
 l - 3 potions of might
 q - a potion of cure mutation
 s - 2 potions of haste
 u - 3 potions of heal wounds
 z - 2 potions of cancellation
 G - 6 potions of curing
 J - 2 potions of resistance
 N - 4 potions of agility
 W - 2 potions of magic
Comestibles
 c - 11 bread rations
 h - 15 meat rations
 F - 2 beef jerkies
 K - 11 slices of pizza
 P - 13 royal jellies


   Skills:
 * Level 24.5(24.4) Fighting
 * Level 24.4(24.3) Axes
 + Level 18.0(17.9) Armour
 + Level 17.0(16.9) Dodging


You had 20 spell levels left.
You didn't know any spells.

Dungeon Overview and Level Annotations

Branches:
Dungeon (15/15)            Temple (0/1) D:7            Lair (6/6) D:10
  Swamp (0/4) Lair:2        Snake (4/4) Lair:2        Slime (0/5) Lair:5
    Orc (2/2) D:11            Elf (0/3) Orc:2        Vaults (5/5) D:14
  Crypt (0/3) Vaults:3     Depths (0/5) D:15

Altars:
Dithmenos
Fedhas
Gozag
Kikubaaqudgha
Makhleb
Okawaru
Qazlal
Trog
Vehumet
Yredelemnul
Zin
The Shining One

Shops:
D:7 [   D:9 =   D:10 *   D:14 (   Orc:2 :!(%   Snake:2 (   Snake:3 }

Portals:
Hell: Lair:6
Pandemonium: Orc:2


Innate Abilities, Weirdness & Mutations

You reflexively headbutt those who attack you in melee.
You have a pair of horns on your head.
You have an increased reservoir of magic. (+10% MP)
You are robust. (+10% HP)


Message History

Okay, then.
You slice the vault warden!!
You headbutt the vault warden, but do no damage.
The vault warden is moderately wounded.
You hit the vault guard but do no damage.
There is a sudden explosion of sparks!
You slash the vault guard!
There is a sudden explosion of sparks!
You kill the vault guard!
Trog accepts your kill.
You barely miss the lich. You slash the entropy weaver!
You barely miss the vault guard. You hit the tentacled monstrosity.
You slash the vault guard!
The tentacled monstrosity closely misses you.
You furiously retaliate!
You headbutt the tentacled monstrosity.
The tentacled monstrosity barely misses you. x2
* * * LOW HITPOINT WARNING * * *
The tentacled monstrosity constricts you.
The lich casts a spell at you. The crystal spear hits you!
You die...

... #....#
##...##...?#
#.....#....# #
......#....# .##
...e.#....#....
....c..C).o.o..
#####XpGLa...###
.....Cpp@ppT....
.....TpppXp.....
.....9ppppQo....
.....Goppe*.....
#####e.We....###
...........
...#....#....
....#....#..##
.....#....# ..


You could see 2 tentacled monstrosities, an ironheart preserver, a frost giant,
a fire giant, 2 vault wardens, a tengu reaver, a lich, a yaktaur captain, 12
vault guards, an entropy weaver, an orc knight, a deep elf annihilator, a deep
elf death mage, a deep elf elementalist, an eye of devastation shaped shifter, a
deep troll, a war gargoyle, a deep elf high priest, a freezing wraith, an orc
warrior, a floating eye shaped shifter, a battlesphere, 2 orcs and a friendly
iron troll (berserk).

Vanquished Creatures
  Rupert (Lair:3)
  A titan (Vaults:4)
  A shadow dragon (Vaults:3)
  A storm dragon (Vaults:4)
  9 nagarajas
  2 frost giants
  2 deep elf sorcerers
  An iron dragon (Vaults:4)
  4 fire giants
  14 vault wardens
  Aizul (Vaults:1)
  12 ironheart preservers
  2 ghouls
  5 stone giants
  7 very ugly things (Vaults:3)
  An entropy weaver (Vaults:4)
  Azrael (D:13)
  A dire elephant (Lair:6)
  4 deep elf demonologists (Vaults:4)
  5 ettins
  A deep elf death mage (Vaults:4)
  A crystal guardian (Vaults:4)
  Josephine (Orc:2)
  4 fire dragons
  A great orb of eyes (Vaults:2)
  16 naga warriors
  3 hydras
  14 yaktaur captains
  5 centaur warriors
  3 ice dragons
  A catoblepas (Lair:5)
  29 vault guards
  12 anacondas
  6 death knights
  4 tengu warriors
  5 deep troll earth magi
  13 ogre magi
  23 naga sharpshooters
  A satyr (shapeshifter) (D:15)
  8 orc high priests (Orc:2)
  9 shock serpents
  7 deep elf knights
  Sonja (D:11)
  2 sun demons
  3 shadow wraiths
  3 salamander mystics (Snake:3)
  2 skeletal warriors
  A sixfirhy (Lair:6)
  7 unseen horrors
  An infernal demonspawn (Orc:2)
  4 sea snakes (Snake:4)
  A torturous demonspawn (Orc:2)
  8 deep trolls
  2 flayed ghosts
  2 wizards
  A glowing orange brain (D:15)
  7 naga ritualists
  15 orc knights
  2 gelid demonspawn (Orc:2)
  5 deep elf archers
  22 ironbrand convokers
  21 hill giants
  3 necromancers
  11 mana vipers
  7 harpies (Vaults:3)
  3 wolf spiders
  10 deep elf magi
  36 ugly things
  9 orc sorcerers
  A frost giant zombie (Vaults:2)
  2 tengu skeletons
  11 cyclopes
  12 vault sentinels
  2 manticores
  10 salamanders
  24 naga magi
  48 black mambas
  A guardian serpent (shapeshifter) (Vaults:3)
  10 spiny frogs
  6 guardian serpents
  A smoke demon (Lair:6)
  A yaktaur zombie (Vaults:2)
  4 orange demons
  A gargoyle (D:14)
  9 freezing wraiths
  5 rime drakes
  6 komodo dragons
  54 yaktaurs
  A yaktaur skeleton (Vaults:2)
  3 ice devils (Lair:6)
  3 trolls
  A jumping spider (shapeshifter) (Vaults:3)
  2 polar bears (Lair:6)
  2 red devils
  3 tengu conjurers
  A queen bee (Lair:3)
  4 human skeletons
  A troll (shapeshifter) (D:15)
  2 queen bees (shapeshifter)
  Grinder (D:3)
  9 slime creatures
  10 hornets
  17 two-headed ogres
  A hippogriff (shapeshifter) (D:15)
  11 hippogriffs
  5 dream sheep (Lair:6)
  23 blink frogs
  2 ynoxinuls (Orc:2)
  A shadow (D:11)
  A spriggan (D:9)
  8 redbacks (Snake:1)
  An ettin skeleton (Vaults:3)
  A centaur simulacrum (D:15)
  3 vampires
  3 wyverns
  A spriggan (shapeshifter) (Vaults:1)
  10 wraiths
  37 yaks
  3 fire elementals (D:13)
  2 tarantellas
  7 vampire mosquitoes
  2 basilisks (Lair:6)
  A chaos spawn (Orc:2)
  2 human simulacra
  4 mottled dragons
  4 hungry ghosts
  6 wargs
  76 nagas
  A soldier ant (D:15)
  7 water moccasins
  6 porcupines
  5 hell hounds
  42 orc warriors
  2 ice beasts
  3 eyes of draining
  7 sky beasts
  2 hornet zombies
  A phantom (D:6)
  4 boggarts (Vaults:2)
  A necrophage (D:7)
  57 ogres
  An orc zombie (Vaults:1)
  A black bear (D:9)
  9 centaurs
  An orc skeleton (Vaults:1)
  2 ettin simulacra
  11 wolves
  17 crocodiles
  A human zombie (Vaults:2)
  6 big kobolds
  22 bullfrogs
  A glowing shapeshifter simulacrum (Vaults:2)
  2 wyvern skeletons (D:13)
  6 scorpions
  4 wights
  24 killer bees
  An orc simulacrum (Vaults:1)
  3 howler monkeys (D:8)
  2 vampire bats (D:8)
  2 electric eels
  11 crimson imps
  2 bullfrog zombies (D:12)
  A quasit (D:8)
  3 centaur zombies
  2 centaur skeletons
  4 jellies
  30 orc priests
  2 bullfrog skeletons
  A gnoll shaman (D:7)
  4 hounds
  20 orc wizards
  Natasha (thrice) (D:3)
  11 worker ants
  3 yak simulacra (Lair:6)
  5 polar bear simulacra (Lair:6)
  A killer bee zombie (D:6)
  A hound zombie (D:5)
  A hound skeleton (D:4)
  Robin (D:2)
  5 river rats
  12 adders
  12 gnolls
  8 shadow imps
  A worm (D:5)
  A dart slug (D:1)
  10 leopard geckos
  79 orcs
  2 bat skeletons (D:8)
  2 bat zombies (D:8)
  10 giant cockroaches
  18 goblins
  18 hobgoblins
  19 jackals
  3 quokkas
  4 ball pythons (Sewer)
  11 bats
  15 frilled lizards
  27 kobolds
  A quokka zombie (D:5)
  22 rats
  3 river rat simulacra (Lair:6)
  7 fungi
  19 plants
1583 creatures vanquished.

Vanquished Creatures (collateral kills)
  A nagaraja (Snake:4)
  A frost giant (Vaults:5)
  The ghost of North the Unseen, a journeyman SpEn of Gozag (D:14)
  2 naga warriors
  Harold (Lair:3)
  A yaktaur captain (Vaults:5)
  3 hydras
  2 vault guards (D:14)
  A death knight (Vaults:3)
  An anaconda (Snake:2)
  A tengu warrior (D:14)
  3 naga sharpshooters
  An orc high priest (Orc:1)
  2 salamander mystics (Snake:2)
  5 skeletal warriors
  4 naga ritualists
  An ironbrand convoker (Vaults:1)
  A necromancer (Vaults:3)
  A salamander (Snake:4)
  A human zombie (Vaults:3)
  A centaur zombie (D:14)
  A black mamba (Snake:2)
  3 naga magi (Snake:4)
  A komodo dragon (Lair:3)
  A tengu conjurer (D:14)
  2 trolls
  A tengu simulacrum (Vaults:3)
  A two-headed ogre (Vaults:1)
  4 slime creatures (D:15)
  2 hippogriffs
  A wraith (D:14)
  7 nagas
  A porcupine (Lair:3)
  2 orc warriors
  2 orcs
64 creatures vanquished.

Vanquished Creatures (others)
  A necromancer (Vaults:2)
  A yaktaur (Vaults:4)
  2 nagas (Snake:3)
  A boggart (Vaults:2)
  An orc (D:3)
  3 fungi (Lair:6)
  28 plants
37 creatures vanquished.

Grand Total: 1684 creatures vanquished

Notes
Turn   | Place    | Note
-------+----------+-------------------------------------------
     0 | D:1      | tognito the Minotaur Berserker began the quest for the Orb.
     0 | D:1      | Reached XP level 1. HP: 19/19 MP: 0/0
   251 | D:1      | Reached XP level 2. HP: 18/27 MP: 1/1
   675 | D:1      | Reached XP level 3. HP: 19/33 MP: 2/2
   815 | D:1      | Reached ** piety under Trog
  1128 | D:2      | Found a blossoming altar of Fedhas.
  1132 | D:2      | Found a basalt altar of Yredelemnul.
  1133 | D:2      | Found a bloodstained altar of Trog.
  1135 | D:2      | Found a radiant altar of Vehumet.
  1135 | D:2      | Found a burning altar of Makhleb.
  1136 | D:2      | Found an opulent altar of Gozag.
  1217 | D:2      | Noticed Robin
  1225 | D:2      | Reached XP level 4. HP: 41/41 MP: 3/3
  1229 | D:2      | Killed Robin
  1334 | D:2      | Reached skill level 5 in Axes
  1421 | D:2      | Found a glowing silver altar of Zin.
  1521 | D:3      | Reached *** piety under Trog
  1660 | D:3      | Reached XP level 5. HP: 9/47 MP: 4/4
  1926 | D:3      | Noticed Natasha
  1927 | D:3      | Reached skill level 5 in Fighting
  1935 | D:3      | Killed Natasha
  2190 | D:3      | Noticed Natasha
  2194 | D:3      | Killed Natasha
  2194 | D:3      | Reached XP level 6. HP: 50/56 MP: 5/5
  2213 | D:3      | Noticed Grinder
  2222 | D:3      | Killed Grinder
  2269 | D:3      | Noticed Natasha
  2282 | D:3      | Killed Natasha
  2456 | D:3      | Gained mutation: You evolve. [mutagenic glow]
  2484 | D:3      | Reached **** piety under Trog
  2618 | D:3      | Reached XP level 7. HP: 63/63 MP: 6/6
  2896 | D:4      | Found a stormy altar of Qazlal.
  3302 | D:4      | Found a shadowy altar of Dithmenos.
  3529 | D:4      | Received a gift from Trog
  3534 | D:5      | Entered Level 5 of the Dungeon
  3555 | D:5      | Reached skill level 5 in Armour
  3793 | D:5      | Reached XP level 8. HP: 71/73 MP: 7/7
  4137 | D:6      | Found a glowing drain.
  4155 | Sewer    | Entered a sewer
  4272 | Sewer    | Reached ***** piety under Trog
  5071 | D:6      | Reached skill level 5 in Dodging
  5558 | D:6      | Gained mutation: You have an increased reservoir of magic. (+10% MP) [potion of mutation]
  5558 | D:6      | Gained mutation: You are robust. (+10% HP) [potion of mutation]
  5720 | D:7      | Found a staircase to the Ecumenical Temple.
  5742 | D:7      | Reached XP level 9. HP: 85/90 MP: 8/8
  6286 | D:7      | Found Ebipp's Antique Armour Shop.
  6555 | D:8      | Reached skill level 10 in Axes
  6620 | D:8      | Lost mutation: You evolve. [evolution]
  6686 | D:8      | Reached skill level 10 in Fighting
  7066 | D:8      | Found a glowing golden altar of the Shining One.
  7066 | D:8      | Found an iron altar of Okawaru.
  7136 | D:8      | Received a gift from Trog
  7157 | D:8      | Got a fine hunting sling {god gift}
  7158 | D:8      | Identified the +6 hunting sling of Doom {venom, rElec rC- Dex+4 Stlth+} (Trog gifted it to you on level 8 of the Dungeon)
  7331 | D:8      | Found an ancient bone altar of Kikubaaqudgha.
  7412 | D:9      | Reached XP level 10. HP: 103/103 MP: 10/10
  7624 | D:9      | Found Upraimah's Jewellery Boutique.
  7880 | D:10     | Entered Level 10 of the Dungeon
  7966 | D:10     | Killed an unseen horror
  8347 | D:10     | Found a staircase to the Lair.
  8428 | D:10     | Reached ****** piety under Trog
  8801 | D:10     | Found Riahi Yca's Assorted Antiques.
  8902 | D:11     | Noticed Sonja
  8910 | D:11     | Found a staircase to the Orcish Mines.
  9132 | D:11     | Noticed an unseen horror
  9147 | D:11     | Killed an unseen horror
  9266 | D:11     | Received a gift from Trog
  9572 | D:11     | Noticed an unseen horror
  9585 | D:11     | Killed an unseen horror
  9806 | D:11     | Noticed a hill giant
  9812 | D:11     | Killed a hill giant
  9812 | D:11     | Reached XP level 11. HP: 56/114 MP: 11/11
 10056 | D:11     | Killed Sonja
 10471 | D:12     | Noticed a deep elf mage
 10480 | D:12     | Killed a deep elf mage
 10667 | D:12     | Noticed a hill giant
 10672 | D:12     | Killed a hill giant
 10789 | D:13     | Noticed a hill giant
 10789 | D:13     | Noticed a hill giant
 10798 | D:13     | Killed a hill giant
 10801 | D:13     | Killed a hill giant
 10860 | D:13     | Noticed a centaur warrior
 10863 | D:13     | Noticed a white ugly thing
 10880 | D:13     | Killed a white ugly thing
 10883 | D:13     | Killed a centaur warrior
 11175 | D:13     | Noticed Azrael
 11190 | D:13     | Killed Azrael
 11191 | D:13     | Reached XP level 12. HP: 94/126 MP: 12/12
 11463 | D:13     | Received a gift from Trog
 12323 | D:14     | Noticed North's ghost (journeyman SpEn)
 12357 | D:14     | Killed North's ghost
 12383 | D:14     | Found Kewk's Antique Weapon Shop.
 12389 | D:14     | Noticed a tengu warrior
 12392 | D:14     | Killed a tengu warrior
 12410 | D:14     | Reached skill level 10 in Armour
 12417 | D:14     | Noticed a centaur warrior
 12421 | D:14     | Killed a centaur warrior
 12596 | D:14     | Noticed a centaur warrior
 12600 | D:14     | Killed a centaur warrior
 12820 | D:14     | Reached skill level 15 in Axes
 12850 | D:14     | Reached skill level 15 in Fighting
 12986 | D:14     | Found a flagged portal.
 13102 | D:14     | Found a gate to the Vaults.
 13102 | D:14     | Noticed a vault guard
 13102 | D:14     | Noticed a vault guard
 13102 | D:14     | Noticed a vault guard
 13104 | D:14     | Noticed a vault guard
 13180 | D:14     | Killed a vault guard
 13182 | D:14     | Killed a vault guard
 13199 | D:14     | Killed a vault guard
 13227 | D:14     | Noticed a tengu warrior
 13237 | D:14     | Killed a tengu warrior
 13237 | D:14     | Reached XP level 13. HP: 125/139 MP: 13/13
 13386 | D:15     | Entered Level 15 of the Dungeon
 13481 | D:15     | Reached skill level 10 in Dodging
 13582 | D:15     | Noticed an emperor scorpion
 13724 | D:15     | Noticed an entropy weaver
 13756 | D:15     | Noticed an entropy weaver
 13776 | D:15     | Noticed a minotaur
 13783 | D:15     | Noticed an entropy weaver
 13786 | D:15     | an entropy weaver changed into a satyr
 13793 | D:15     | Received a gift from Trog
 15279 | D:15     | Found a staircase to the Depths.
 15503 | Lair:1   | Entered Level 1 of the Lair of Beasts
 15833 | Lair:1   | Reached XP level 14. HP: 150/151 MP: 14/14
 16343 | Lair:2   | Found a staircase to the Snake Pit.
 16361 | Lair:2   | Found a blossoming altar of Fedhas.
 16686 | Lair:2   | Received a gift from Trog
 16887 | Lair:2   | Found a staircase to the Swamp.
 17437 | Lair:3   | Noticed Rupert
 17455 | Lair:3   | Killed Rupert
 17813 | Lair:3   | Noticed Harold
 17820 | Lair:3   | Killed Harold
 19560 | Lair:5   | Found a staircase to the Slime Pits.
 19658 | Lair:5   | Received a gift from Trog
 20504 | Lair:6   | Entered Level 6 of the Lair of Beasts
 21480 | Lair:6   | Reached XP level 15. HP: 89/163 MP: 15/15
 21705 | Lair:6   | Found a burning altar of Makhleb.
 21738 | Lair:6   | Received a gift from Trog
 22507 | Lair:6   | Found a gateway to Hell.
 22969 | D:13     | Noticed a frost giant
 22973 | D:13     | Killed a frost giant
 23092 | Orc:1    | Entered Level 1 of the Orcish Mines
 23195 | Orc:1    | Received a gift from Trog
 24167 | Orc:1    | Noticed a fire giant
 24176 | Orc:1    | Killed a fire giant
 24555 | Orc:2    | Entered Level 2 of the Orcish Mines
 24575 | Orc:2    | Noticed Josephine
 24584 | Orc:2    | Killed Josephine
 24825 | Orc:2    | Found a staircase to the Elven Halls.
 25009 | Orc:2    | Received a gift from Trog
 25027 | Orc:2    | Found Juwev's Distillery.
 25042 | Orc:2    | Found Huwaton's Food Shop.
 25460 | Orc:2    | Reached XP level 16. HP: 163/176 MP: 16/16
 25559 | Orc:2    | Found Guehell's Book Shoppe.
 25559 | Orc:2    | Found Rinub's Antique Weapon Emporium.
 25559 | Orc:2    | Found a one-way gate leading to the halls of Pandemonium.
 25578 | Orc:2    | Received a gift from Trog
 26648 | Snake:1  | Entered Level 1 of the Snake Pit
 26738 | Snake:1  | Identified a scroll of acquirement
 26739 | Snake:1  | Got a smoking golden ring
 26740 | Snake:1  | Identified the ring "Ymnudeqof" {+Blink rN+ MR+ Str+2 Int+2} (You acquired it on level 1 of the Snake Pit)
 28347 | Snake:1  | Received a gift from Trog
 28500 | Snake:1  | You fall through a shaft!
 30005 | Snake:2  | Found Rawneel's Weapon Boutique.
 30635 | Snake:2  | Received a gift from Trog
 31535 | Snake:3  | Reached XP level 17. HP: 98/187 MP: 17/17
 32897 | Snake:3  | Reached skill level 15 in Armour
 33424 | Snake:3  | Found Wysoig's Gadget Shop.
 33856 | Snake:3  | Received a gift from Trog
 33856 | Snake:3  | HP: 6/189 [naga sharpshooter/bolt (23)]
 34723 | Snake:4  | Entered Level 4 of the Snake Pit
 37539 | Snake:4  | Reached XP level 18. HP: 124/200 MP: 18/18
 38193 | Snake:4  | Received a gift from Trog
 38283 | Snake:4  | Got a serpentine rune of Zot
 39191 | Snake:4  | Found a stormy altar of Qazlal.
 39786 | Vaults:1 | Entered Level 1 of the Vaults
 39802 | Vaults:1 | Noticed Aizul
 39808 | Vaults:1 | Killed Aizul
 39840 | Vaults:1 | Reached skill level 15 in Dodging
 42143 | Vaults:2 | Received a gift from Trog
 42261 | Vaults:2 | HP: 4/202 [fire dragon/blast of flame (14)]
 43260 | Vaults:2 | Reached XP level 19. HP: 181/211 MP: 19/19
 43424 | Vaults:2 | Received a gift from Trog
 45394 | Vaults:3 | Received a gift from Trog
 46657 | Vaults:3 | Found a staircase to the Crypt.
 47233 | Vaults:4 | Reached XP level 20. HP: 180/224 MP: 21/21
 47874 | Vaults:4 | Received a gift from Trog
 48027 | Vaults:4 | Got an ebony executioner's axe {god gift}
 48028 | Vaults:4 | Identified the +1 executioner's axe "Xiji" {flame, rPois Dex+5} (Trog gifted it to you on level 4 of the Vaults)
 48700 | Vaults:4 | Received a gift from Trog
 49268 | Vaults:4 | Received a gift from Trog
 49867 | Vaults:5 | Entered Level 5 of the Vaults
 49945 | Vaults:4 | Reached XP level 21. HP: 203/236 MP: 22/22
 50095 | Vaults:5 | Received a gift from Trog
 50098 | Vaults:5 | HP: 6/236 [vault guard/war axe (19)]
 50099 | Vaults:5 | HP: 1/236 [tentacled monstrosity (5)]
 50099 | Vaults:5 | Killed from afar by a lich

Skill      XL: |  1  2  3  4  5  6  7  8  9 10 11 12 13 14 15 16 17 18 19 20 21 |
---------------+----------------------------------------------------------------+-----
Axes           | 4 5 6 7 9 10 12 13 15 16 18 19 20 21 22 23 24 | 24.4
Fighting       | 4 5 6 7 8 10 12 13 15 16 17 19 20 21 22 23 24 | 24.5
Armour         | 3 4 5 6 7 8 9 10 11 12 13 14 15 16 17 18 | 18.0
Dodging        | 3 4 5 6 7 8 9 10 11 12 13 14 15 16 17 | 17.0

Action                   |  1- 3 |  4- 6 |  7- 9 | 10-12 | 13-15 | 16-18 | 19-21 || total
-------------------------+-------+-------+-------+-------+-------+-------+-------++-------
Melee: Hand axe          |    98 |   105 |   351 |   256 |       |       |       ||   810
       Headbutt          |    14 |     7 |    47 |    63 |   160 |   233 |   165 ||   689
       Battleaxe         |       |       |       |   143 |   305 |       |       ||   448
       Executioner's axe |       |       |       |       |   450 |   878 |   593 ||  1921
 Fire: Arbalest          |       |       |    31 |   119 |   259 |   149 |       ||   558
       Triple crossbow   |       |       |       |       |       |   130 |   111 ||   241
Throw: Tomahawk          |       |       |     3 |       |       |       |       ||     3
Invok: Berserk           |       |     1 |       |     5 |     3 |     6 |       ||    15
       Brothers in Arms  |       |       |       |     4 |     6 |    13 |     3 ||    26
       Trog's Hand       |       |       |       |     2 |     1 |    11 |     5 ||    19
       Burn Spellbooks   |       |       |       |     2 |     2 |     2 |     2 ||     8
 Abil: Evoke Flight      |       |       |       |       |     2 |       |       ||     2
       Evoke Blink       |       |       |       |       |       |     1 |       ||     1
  Use: Potion            |     6 |     1 |     4 |       |     6 |     8 |     2 ||    27
       Scroll            |       |       |       |    20 |     6 |    17 |     5 ||    48
 Stab: Invisible         |     3 |     4 |       |       |       |       |       ||     7
       Distracted        |       |       |       |     2 |       |     1 |     2 ||     5
  Eat: Chunk             |     1 |     6 |    13 |    23 |    41 |    43 |    24 ||   151
       Pizza             |       |       |     1 |       |       |       |       ||     1
       Beef jerky        |       |       |     1 |       |     2 |     5 |       ||     8
       Fruit             |       |       |       |     5 |     3 |    14 |       ||    22
       Royal jelly       |       |       |       |       |       |     5 |       ||     5
Armor: Animal skin       |    12 |       |       |       |       |       |       ||    12
       Chain mail        |     4 |    50 |    46 |       |       |       |       ||   100
       Plate armour      |       |       |   155 |   258 |   554 |   538 |   293 ||  1798
Dodge: Dodged            |    71 |    49 |   143 |   197 |   591 |   602 |   358 ||  2011
Block: Other             |       |       |       |       |    24 |   118 |    70 ||   212
       Reflection        |       |       |       |       |       |    19 |    13 ||    32
